 Dungeon Crawl Stone Soup version 0.31.0-9-g3a7656b989 (webtiles) character file.

Game seed: 5585381559504538982

109 qw the Shooter (level 4, -1/22 HPs)
             Began as a Spriggan Hunter on Feb 2, 2024.
             Slain by a gnoll
             ... wielding a +0 halberd
              (11 damage)
             ... on level 3 of the Dungeon.
             The game lasted 00:00:06 (1547 turns).

qw the Shooter (Spriggan Hunter)                    Turns: 1547, Time: 00:00:06

Health: -1/22      AC:  2    Str:  7    XL:     4   Next: 60%
Magic:  5/5        EV: 20    Int: 10    God:
Gold:   135        SH:  0    Dex: 20    Spells: 3/3 levels left

rFire   . . .        a - +0 shortbow
rCold   . . .        (shield currently unavailable)
rNeg    . . .        c - +0 robe
rPois   .            (helmet restricted)
rElec   .            (no cloak)
rCorr   .            (gloves unavailable)
SInv    +            (boots unavailable)
Will    .....        (no amulet)
Stlth   ++           (no ring)
HPRegen 0.23/turn    (no ring)
MPRegen 0.09/turn

%: no passive effects
@: very quick
A: very small, no large weapons, unfitting armour, see invisible, speed 3
a: no special abilities


You were on level 3 of the Dungeon.
You visited 1 branch of the dungeon, and saw 3 of its levels.

You collected 135 gold pieces.


Innate Abilities, Weirdness & Mutations

You are very small and have problems with some larger weapons.
You are too small for most types of armour.
You have supernaturally acute eyesight. (SInv)
You cover ground extremely quickly. (Speed+++)


   Skills:
 - Level 1.5 Fighting
 - Level 5.3 Ranged Weapons
 + Level 4.6 Dodging
 - Level 1.5 Stealth


You had 3 spell levels left.
You didn't know any spells.
Your spell library was empty.

Inventory:

Hand Weapons
 a - a +0 shortbow (weapon)
Armour
 c - a +0 robe (worn)
Scrolls
 d - a scroll of teleportation
 i - a scroll of identify
Potions
 b - a potion of resistance {unknown}
 e - a potion of curing
 f - a potion of mutation
 g - a potion of cancellation {unknown}
 h - a potion of heal wounds
 k - a potion of invisibility {unknown}

Dungeon Overview and Level Annotations

Branches:
Dungeon (3/15)

Altars:


Message History

The ball python is moderately wounded.
A gnoll comes into view. It is wielding a +0 halberd.
Sigmund closely misses you.
You shoot an arrow. The gnoll shouts!
The arrow hits Sigmund!
Sigmund is heavily wounded.
Sigmund misses you.
You shoot an arrow. The arrow hits the ball python.
The ball python is heavily wounded.
The ball python misses you. The ball python completely misses you.
Sigmund closely misses you.
You shoot an arrow. The arrow hits the ball python.
You kill the ball python!
A gnoll comes into view. It is wielding a +0 club.
Enter note: You shoot an arrow.
The gnoll shouts!
The arrow hits Sigmund!
Sigmund is almost dead.
You hear a shout! x3
Sigmund closely misses you.
You shoot an arrow. The arrow closely misses Sigmund.
Sigmund misses you.
You shoot an arrow. The arrow closely misses Sigmund.
The gnoll completely misses you.
An orc comes into view. It is wielding a +0 dagger.
Sigmund closely misses you.
You shoot an arrow. The arrow barely misses Sigmund.
A gnoll comes into view.
It is wielding a +0 whip and quivering a throwing net.
The gnoll hits you from afar with a +0 halberd!
Ouch! That really hurt!
1545 ||| RETREEEEATING.
You shoot an arrow. The arrow hits the gnoll!
The gnoll is heavily wounded.
You shoot an arrow. The arrow hits Sigmund.
You kill Sigmund!
The gnoll hits you from afar with a +0 halberd!
Ouch! That really hurt!
You die...

g### ###.## #.#o.
...... # ..... ......
# #. .#.. ...... #.#.
###g.# ####.##
#....#..@# .###......
#..#g.# ..##.##.##
#...)## #..##.##.##
#.##.@## ##...##.##.##
#...###...# #.##.##
.####.%#...####.##.#.
#.......%#...........#
#.####.....#####.####.
...............#####
########............
#############


You could see a gnoll.

Vanquished Creatures
  Sigmund (D:3)
  Jessica (D:2)
  3 adders (D:2)
  A dart slug (D:2)
  7 endoplasms
  2 giant cockroaches (D:2)
  6 hobgoblins
  4 jackals (D:3)
  9 ball pythons
  3 bats
  3 frilled lizards
  6 goblins
  5 kobolds
  A rat (D:1)
52 creatures vanquished.

Notes
Turn   | Place    | Note
-------+----------+-------------------------------------------
     0 | D:1      | qw the Spriggan Hunter began the quest for the Orb.
     0 | D:1      | Reached XP level 1. HP: 10/10 MP: 2/2
     0 | D:1      | 0 ||| qw: Version: 0.3-a-155-g5e7d8dd
     0 | D:1      | 0 ||| qw: Game counter: 2602
     0 | D:1      | 0 ||| qw: Melee chars always use a shield: true
     0 | D:1      | 0 ||| qw: God list: Okawaru
     0 | D:1      | 0 ||| qw: Allow faded altars: false
     0 | D:1      | 0 ||| qw: Do Orc after clearing Dungeon:15 true
     0 | D:1      | 0 ||| qw: Do second Lair branch before Depths: true
     0 | D:1      | 0 ||| qw: Lair rune preference: random
     0 | D:1      | 0 ||| qw: Goals: Normal
     0 | D:1      | 0 ||| PLANNING D:1-11
   115 | D:1      | Reached skill level 3 in Dodging
   417 | D:1      | Reached XP level 2. HP: 14/14 MP: 3/3
   650 | D:1      | 650 ||| READING scroll labelled ONNEMM TEHO.
   651 | D:1      | 651 ||| DROPPING scroll of butterflies.
   799 | D:2      | Reached XP level 3. HP: 18/18 MP: 4/4
   815 | D:2      | 815 ||| FLEEEEING.
  1017 | D:2      | Noticed Jessica
  1021 | D:2      | Killed Jessica
  1022 | D:2      | Reached skill level 5 in Ranged Weapons
  1022 | D:2      | Reached XP level 4. HP: 22/22 MP: 5/5
  1219 | D:2      | 1219 ||| READING scroll labelled ZYMUGG GOIKH.
  1220 | D:2      | 1220 ||| READING 2 scrolls labelled WOLOALU CUPNI.
  1224 | D:2      | 1224 ||| READING 3 scrolls labelled JIOPPU KUTTETU.
  1224 | D:2      | 1224 ||| IDENTIFYING white potion
  1225 | D:2      | 1225 ||| READING 2 scrolls of identify.
  1225 | D:2      | 1225 ||| IDENTIFYING purple potion
  1226 | D:2      | 1226 ||| READING scroll of identify.
  1226 | D:2      | 1226 ||| IDENTIFYING puce potion
  1227 | D:2      | 1227 ||| READING scroll labelled CAKHAD UKLETI.
  1228 | D:2      | 1228 ||| READING scroll labelled NAR KIRRATO.
  1229 | D:2      | 1229 ||| DRINKING 2 viscous white potions.
  1230 | D:2      | 1230 ||| DROPPING potion of attraction.
  1533 | D:3      | Noticed Sigmund
  1545 | D:3      | 1545 ||| RETREEEEATING.
  1547 | D:3      | Killed Sigmund
  1547 | D:3      | Slain by a gnoll

Levels and vault maps discovered:
D:1:      evilmike_arrival_rings, layout_loops_cross, minmay_misc_feat_square
D:2:      layout_basic, minmay_quadrilaterals, uniq_jessica
D:3:      layout_loops_ring, mainiacjoe_overflow_catwalk, cheibrodos_gnoll_hut,
          uniq_sigmund

Skill      XL: |  1  2  3 |
---------------+----------+-----
Dodging        | 3 4 |  4.6
Ranged Weapons | 5 |  5.3
Fighting       | |  1.5
Stealth        | |  1.5

Action                     |  1- 3 |  4- 6 || total
---------------------------+-------+-------++-------
   Fire: Shortbow          |    87 |    50 ||   137
    Use: Scroll            |     1 |     7 ||     8
         Potion            |       |     1 ||     1
 Armour: Robe              |     8 |    13 ||    21
  Dodge: Dodged            |    18 |    30 ||    48

Table legend:
 A = Non-vault XP
 B = Vault XP
 C = Vault XP percentage of total XP
 D = Non-vault monster count
 E = Vault monster count
 F = Vault count percentage of total count
                 A         B        C        D         E       F
            +---------+---------+-------+---------+---------+-------
      Total |     102 |     269 |  72.5 |      47 |       5 |   9.6
            +---------+---------+-------+---------+---------+-------
        D:1 |      17 |       0 |   0.0 |      11 |       0 |   0.0
        D:2 |      63 |      55 |  46.6 |      24 |       4 |  14.3
        D:3 |      22 |     214 |  90.7 |      12 |       1 |   7.7
            +---------+---------+-------+---------+---------+-------
